 Dungeon Crawl Stone Soup version 0.28-a0-662-g1651b1f1e0 (webtiles) character file.

Game seed: 13322090774648895088

32841 Gwenloh the Severer (level 13, -16/119 HPs)
             Began as a Minotaur Gladiator on Oct 13, 2021.
             Was a High Priest of Elyvilon.
             Drowned by a drowned soul (20 damage)
             ... summoned by a merfolk avatar
             ... on level 6 of the Lair of Beasts on Oct 14, 2021.
             The game lasted 00:55:44 (15892 turns).

Gwenloh the Severer (Minotaur Gladiator)           Turns: 15892, Time: 00:55:45

Health: -16/119    AC: 19    Str: 19    XL:     13   Next: 33%
Magic:  13/19      EV: 16    Int:  5    God:    Elyvilon [*****.]
Gold:   757        SH:  5    Dex: 14    Spells: 12/12 levels left

rFire   + . .      SeeInvis +   a - +1 executioner's axe (freeze)
rCold   . . .      Faith    .   (shield currently unavailable)
rNeg    + + .      Spirit   .   N - +2 ring mail of Xeuwiba {rN++ Will+ Regen+ Dex-3}
rPois   .          Reflect  +   c - +2 hat
rElec   .          Harm     +   G - scarf {harm}
rCorr   .          Rampage  .   M - +2 pair of gloves
Will    +....                   e - +2 pair of boots
Stlth   +.........              h - amulet of reflection
HPRegen 1.29/turn               o - +4 ring of protection
MPRegen 0.16/turn               U - ring "Ustrex" {rF+ SInv}

@: mesmerised, very slow
A: horns 2, retaliatory headbutt
a: Renounce Religion, Lesser Healing, Heal Other, Purification, Greater Healing,
Divine Vigour, Divine Protection


You were on level 6 of the Lair of Beasts.
You worshipped Elyvilon.
Elyvilon was extremely pleased with you.
You visited 2 branches of the dungeon, and saw 16 of its levels.

You collected 1151 gold pieces.
You spent 394 gold pieces at shops.

Inventory:

Hand Weapons
 a - a +1 executioner's axe of freezing (weapon)
 b - a +0 shortbow
 A - a +0 arbalest
 B - a +2 flail of protection
 V - a +2 battleaxe
 X - a +6 broad axe of venom
Missiles
 d - 4 throwing nets
 i - 145 arrows
 y - 39 poisoned darts (quivered)
 C - 23 bolts
Armour
 c - a +2 hat (worn)
 e - a +2 pair of boots (worn)
 w - the +3 hat of Pondering {ponderous, Will+ MP+10 Int+5}
   (You took it off Gastronok on level 9 of the Dungeon)

   Int:       It affects your intelligence (+5).
   MP:        It affects your magic capacity (+10).
   Will:      It increases your willpower.
 G - a scarf of harm (worn)
 M - a +2 pair of gloves (worn)
 N - the +2 ring mail of Xeuwiba (worn) {rN++ Will+ Regen+ Dex-3}
   (You found it on level 7 of the Dungeon)

   Dex:       It affects your dexterity (-3).
   rN:        It greatly protects you from negative energy.
   Regen:     It increases your rate of health regeneration.
   Will:      It increases your willpower.
Jewellery
 h - an amulet of reflection (around neck)
 o - a +4 ring of protection (left hand)
 p - an amulet of regeneration
 u - a ring of wizardry
 P - a ring of willpower
 U - the ring "Ustrex" (right hand) {rF+ SInv}
   (You found it on level 9 of the Dungeon)

   [ring of see invisible]

   rF:        It protects you from fire.
   SInv:      It lets you see invisible.
Wands
 v - a wand of iceblast (7)
 x - a wand of digging (5)
 D - a wand of charming (21)
 H - a wand of polymorph (21)
 K - a wand of paralysis (20)
 L - a wand of mindburst (15)
 Q - a wand of flame (30)
Scrolls
 f - a scroll of amnesia
 j - 10 scrolls of teleportation
 l - 6 scrolls of magic mapping
 m - 3 scrolls of enchant armour
 s - a scroll of summoning
 E - 3 scrolls of fog
 F - a scroll of holy word
 I - a scroll of silence {unknown}
 S - 2 scrolls of fear
Potions
 g - 2 potions of cancellation
 k - 2 potions of flight {unknown}
 n - 2 potions of invisibility
 q - 2 potions of mutation {unknown}
 r - a potion of brilliance {unknown}
 t - 7 potions of curing
 z - 2 potions of magic {unknown}
 J - 5 potions of haste
 O - 2 potions of resistance {unknown}
 R - 2 potions of berserk rage {unknown}
 T - 4 potions of heal wounds
 W - a potion of attraction {unknown}
 Y - 2 potions of ambrosia {unknown}
 Z - a potion of might


   Skills:
 + Level 12.6 Fighting
 * Level 17.5 Axes
 - Level 2.0 Throwing
 + Level 11.9 Dodging
 + Level 10.2 Invocations


You had 12 spell levels left.
You didn't know any spells.
Your spell library contained the following spells:

 Spells                   Type           Power      Damage    Failure   Level
 Blink                    Tloc           N/A        N/A       80%         2
 Static Discharge         Conj/Air       0%         N/A       80%         2
 Dazzling Flash           Conj/Hex       0%         N/A       95%         3
 Gell's Gravitas          Tloc           0%         N/A       95%         3
 Inner Flame              Hex/Fire       0%         N/A       95%         3
 Teleport Other           Tloc           0%         N/A       95%         3
 Dispel Undead            Necr           0%         3d6       100%        4
 Fulminant Prism          Conj/Hex       0%         3d6       100%        4
 Iskenderun's Mystic Bla  Conj/Tloc      0%         2d3       100%        4
 Olgreb's Toxic Radiance  Pois           0%         N/A       100%        4
 Passage of Golubria      Tloc           N/A        N/A       100%        4
 Sticky Flame             Conj/Fire      0%         2d3       100%        4
 Agony                    Necr           0%         N/A       100%        5
 Iskenderun's Battlesphe  Conj           0%         2d6       100%        5
 Lee's Rapid Deconstruct  Erth           0%         3d5*      100%        5
 Manifold Assault         Tloc           0%         N/A       100%        5
 Silence                  Hex/Air        0%         N/A       100%        5
 Summon Forest            Summ/Tloc      0%         N/A       100%        5
 Summon Mana Viper        Hex/Summ       0%         N/A       100%        5
 Iron Shot                Conj/Erth      0%         9d1       100%        6
 Starburst                Conj/Fire      0%         6d3       100%        6
 Summon Cactus Giant      Summ           0%         N/A       100%        6
 Ozocubu's Refrigeration  Ice            0%         4d5       100%        7
 Spellforged Servitor     Conj/Summ      0%         N/A       100%        7
 Storm Form               Tmut/Air       0%         N/A       100%        7
 Ignition                 Fire           0%         3d3       100%        8
 Lehudib's Crystal Spear  Conj/Erth      0%         10d2      100%        8
 Fire Storm               Conj/Fire      0%         5d1       100%        9


Dungeon Overview and Level Annotations

Branches:
Dungeon (10/15)            Temple (0/1) D:7            Lair (6/6) D:10
 Shoals (0/4) Lair:2        Snake (0/4) Lair:3        Slime (0/5) Lair:5
    Orc: D:9-12

Altars:
Ashenzari
Cheibriados
Dithmenos
Elyvilon
Hepliaklqana
Okawaru
Ru
Sif Muna
Trog
Uskayaw
Xom
Yredelemnul
The Shining One
Jiyva

Shops:
D:8 ?   D:9 *   D:10 !

Portals:
Trove: D:10 (give horn of Geryon)

Annotations:
Lair:1 3 runed translucent doors, olaf's ghost, journeyman GnWn
Lair:4 3 runed translucent doors, anonymous's ghost, journeyman DEEE


Innate Abilities, Weirdness & Mutations

You have a pair of horns on your head.
You reflexively headbutt those who attack you in melee.


Message History

The merfolk avatar chants its luring song.
Your unstable footing causes you to fumble your attack.
The drowned soul touches you. The drowned soul drowns you!
The drowned soul touches you. The drowned soul drowns you!
The merfolk avatar chants its luring song.
The merfolk avatar chants its luring song.
The drowned soul touches you. The drowned soul drowns you!
* * * LOW HITPOINT WARNING * * *
The drowned soul touches you. The drowned soul drowns you!
* * * LOW HITPOINT WARNING * * *
The merfolk avatar chants its luring song.
Unknown command.
Unknown command.
Okay, then.
You are healed.
The merfolk avatar chants its luring song.
Press: ? - help, Dir - move target, f - drowned soul Heal: a drowned soul (summoned, chance to pacify: 68%)
The light of Elyvilon fails to reach the drowned soul.
The drowned soul touches you. The drowned soul drowns you!
* * * LOW HITPOINT WARNING * * *
The merfolk avatar chants its luring song.
You block the drowned soul's attack.
The merfolk avatar chants its luring song.
The drowned soul touches you. The drowned soul drowns you!
* * * LOW HITPOINT WARNING * * *
Throw: 40 darts (poison)
Press: ? - help, Q - select action, (/) - cycle Shift-Dir - straight line, f - drowned soul
Aim: a drowned soul (summoned, 57% to hit)
You throw a poisoned dart.
The poisoned dart closely misses the drowned soul.
The merfolk avatar chants its luring song.
The drowned soul touches you. The drowned soul drowns you!
Elyvilon protects you from harm!
Press: ? - help, Dir - move target, f - merfolk avatar Heal: a merfolk avatar (mesmerising, chance to pacify: 18%)
The light of Elyvilon fails to reach the merfolk avatar.
The merfolk avatar chants its luring song.
The drowned soul touches you. The drowned soul drowns you!
You die...

.#....≈≈(≈≈((≈≈≈,≈≈≈≈≈≈≈≈≈≈≈≈≈≈≈,
....†≈#P≈#########≈≈≈###****≈≈≈*,
..#..≈≈#≈((≈8#⌠≈(≈#≈.≈≈⌠*,,,*≈**,
...#.≈≈(≈≈(≈P#≈≈≈≈≈#.#≈≈*,≈≈≈≈≈≈,
.##.≈≈≈≈(#.≈≈≈≈P≈≈≈≈≈≈≈≈*≈≈≈≈≈≈≈,
.,##≈.##≈(≈#≈#≈8≈#≈≈##8≈*≈≈≈≈≈≈*≈
.,#≈..##≈#(≈≈≈≈≈≈/|}?≈≈≈*≈≈≈≈≈**≈
,,...≈≈≈≈≈≈(≈≈≈≈≈)≈≈!#≈≈*≈≈≈≈≈≈≈,
**##..P.≈≈≈≈≈≈≈.@mW≈:#≈≈*≈,≈≈≈≈≈≈
**,..##≈#≈.≈≈≈P#|[!?#≈≈*≈≈≈*≈**≈
*,,#.≈#≈#≈#≈#≈8##≈≈##,≈*≈≈≈≈≈≈*≈
*,,≈≈≈≈≈#≈≈≈#≈≈≈,≈≈≈≈≈≈*≈≈,,≈≈≈≈
*,,≈≈≈≈≈≈≈#≈#≈≈≈≈≈≈≈P≈≈*≈≈,≈≈≈≈≈
*,,≈,**≈#≈≈8#⌠.≈≈≈≈≈≈≈⌠*8≈≈*≈**≈
***,,,**≈****###***#####*****≈**≈
*,*,*≈≈≈≈≈≈≈≈≈≈≈≈≈≈,≈,,≈≈≈≈≈≈≈≈≈≈
*,,,≈≈≈≈,≈≈≈≈≈≈≈≈≈,≈≈,≈≈≈≈≈≈≈≈≈≈,


You could see a merfolk avatar (mesmerising) and a drowned soul (summoned).

Vanquished Creatures
  Gastronok (D:9)
  Kirke (Lair:5)
  Fannar (D:10)
  A catoblepas (Lair:3)
  4 death yaks
  Urug (Lair:5)
  2 sea snakes (Lair:6)
  A deep elf pyromancer (D:10)
  An elephant (Lair:6)
  3 manticores
  3 black mambas
  A torpor snail (Lair:6)
  6 cane toads
  6 komodo dragons
  A freezing wraith (D:10)
  2 rime drakes
  2 trolls
  3 polar bears
  A wind drake (Lair:2)
  5 blink frogs
  4 dream sheep (Lair:5)
  2 snapping turtles (Lair:6)
  A centaur simulacrum (D:10)
  27 yaks
  7 wyverns
  A wraith (D:9)
  3 hogs (Lair:5)
  Eustachio (D:5)
  4 basilisks
  2 steam dragons
  2 nagas (Lair:3)
  An acid dragon (D:9)
  12 water moccasins
  2 orc warriors
  4 black bears
  An ice beast (D:6)
  5 sky beasts
  2 ogres (D:5)
  2 necrophages
  A wolf (D:10)
  4 centaurs
  A kobold brigand (D:6)
  9 bullfrogs
  2 gnoll sergeants
  A scorpion (D:5)
  A water moccasin zombie (D:7)
  11 killer bees
  4 wights (D:8)
  A howler monkey (D:9)
  6 electric eels (D:10)
  A jelly (D:5)
  A centaur skeleton (D:7)
  A bullfrog skeleton (D:5)
  3 orc priests
  7 hounds
  3 iguanas
  Ijyb (D:3)
  3 orc wizards
  A killer bee zombie (D:8)
  A howler monkey skeleton (D:5)
  6 gnolls
  4 adders
  A shadow imp (D:8)
  An adder skeleton (D:4)
  2 worms
  A dart slug (D:1)
  21 orcs
  6 bats
  7 endoplasms
  10 hobgoblins
  11 jackals
  9 kobolds
  2 quokkas
  5 ball pythons
  4 frilled lizards
  7 goblins
  4 rats
293 creatures vanquished.

Vanquished Creatures (others)
  A hydra (Lair:5)
  A cane toad (Lair:5)
  A komodo dragon (Lair:5)
  A bullfrog (Lair:5)
  18 fungi
  31 plants
53 creatures vanquished.

Grand Total: 346 creatures vanquished

Notes
Turn   | Place    | Note
-------+----------+-------------------------------------------
     0 | D:1      | Gwenloh the Minotaur Gladiator began the quest for the Orb.
     0 | D:1      | Reached XP level 1. HP: 18/18 MP: 0/0
   281 | D:1      | Reached skill level 4 in Axes
   281 | D:1      | Reached XP level 2. HP: 18/25 MP: 1/1
  1030 | D:2      | Reached XP level 3. HP: 31/31 MP: 2/2
  1565 | D:2      | Reached XP level 4. HP: 33/38 MP: 3/3
  1780 | D:3      | Reached skill level 5 in Axes
  1844 | D:3      | Found a white marble altar of Elyvilon.
  1908 | D:3      | Found a broken altar of Ashenzari.
  2160 | D:3      | Found a faded altar of an unknown god.
  2332 | D:3      | Noticed Ijyb
  2349 | D:3      | Killed Ijyb
  2790 | D:3      | Became a worshipper of Elyvilon the Healer
  3066 | D:4      | Found a shimmering altar of Xom.
  3171 | D:4      | Noticed a necrophage
  3179 | D:4      | Reached XP level 5. HP: 45/46 MP: 4/4
  3183 | D:4      | Killed a necrophage
  3184 | D:4      | Reached skill level 6 in Axes
  3184 | D:4      | Reached skill level 1 in Invocations
  3553 | D:4      | Reached * piety under Elyvilon
  3745 | D:5      | Entered Level 5 of the Dungeon
  3745 | D:5      | Noticed a sky beast
  3752 | D:5      | Killed a sky beast
  3753 | D:5      | Reached XP level 6. HP: 52/52 MP: 4/6
  4222 | D:5      | Reached skill level 5 in Dodging
  4318 | D:5      | Found a snail-covered altar of Cheibriados.
  4323 | D:5      | Reached skill level 7 in Axes
  4323 | D:5      | Reached XP level 7. HP: 60/60 MP: 7/7
  4485 | D:5      | Reached skill level 5 in Fighting
  4793 | D:5      | Found a hazy altar of Hepliaklqana.
  4874 | D:5      | Reached ** piety under Elyvilon
  5046 | D:6      | Noticed Eustachio
  5206 | D:5      | Killed Eustachio
  5207 | D:5      | Reached skill level 8 in Axes
  5373 | D:6      | Reached XP level 8. HP: 69/69 MP: 9/9
  5679 | D:6      | Found a bloodstained altar of Trog.
  5698 | D:6      | Reached skill level 9 in Axes
  5957 | D:7      | Found a staircase to the Ecumenical Temple.
  6311 | D:7      | Identified the +2 ring mail of Xeuwiba {rN++ Will+ Regen+
                  | Dex-3}
  6630 | D:7      | Reached XP level 9. HP: 78/78 MP: 11/11
  6709 | D:7      | Reached *** piety under Elyvilon
  6922 | D:8      | Reached skill level 10 in Axes
  6979 | D:8      | Found a sacrificial altar of Ru.
  7107 | D:8      | Identified the +1 hunting sling "Spider's Undoing" {vorpal,
                  | Stlth+}
  7264 | D:8      | Reached skill level 5 in Invocations
  7307 | D:8      | Found Tuix's Magic Scroll Emporium.
  7315 | D:8      | Bought a scroll of magic mapping for 42 gold pieces
  7315 | D:8      | Bought a scroll of fear for 42 gold pieces
  7315 | D:8      | Bought a scroll of identify for 24 gold pieces
  7564 | D:8      | Reached skill level 11 in Axes
  7882 | D:9      | Noticed Gastronok
  7908 | D:9      | Killed Gastronok
  7909 | D:9      | Reached XP level 10. HP: 46/88 MP: 11/13
  7909 | D:9      | Reached **** piety under Elyvilon
  8075 | D:9      | Reached skill level 12 in Axes
  8106 | D:9      | Identified the ring "Ustrex" {rF+ SInv}
  8144 | D:9      | Found Wusuh's General Store.
  8493 | D:9      | Found a basalt altar of Yredelemnul.
  8821 | D:10     | Entered Level 10 of the Dungeon
  8876 | D:10     | Found a staircase to the Lair.
  8950 | D:10     | Noticed a deep elf pyromancer
  8957 | D:10     | Killed a deep elf pyromancer
  9067 | D:10     | Found Xesafrolul's Distillery.
  9073 | D:10     | Bought a potion of might for 52 gold pieces
  9073 | D:10     | Bought a potion of curing for 39 gold pieces
  9073 | D:10     | Bought a potion of heal wounds for 65 gold pieces
  9073 | D:10     | Bought a potion of haste for 130 gold pieces
  9089 | D:10     | Noticed a manticore
  9095 | D:10     | Killed a manticore
  9096 | D:10     | Reached skill level 13 in Axes
  9167 | D:10     | Got the Catalogue of Orientation and the Arsonist
  9333 | D:10     | Noticed Fannar
  9349 | D:10     | Reached XP level 11. HP: 79/97 MP: 15/15
  9364 | D:10     | Killed Fannar
  9552 | D:10     | Identified 2 scrolls of acquirement
  9557 | D:10     | Acquired a +6 broad axe of venom
  9630 | D:10     | Found a glowing golden altar of the Shining One.
  9748 | D:10     | Found a shadowy altar of Dithmenos.
  9751 | D:10     | Found an iron altar of Okawaru.
  9755 | D:10     | Found a hide-covered altar of Uskayaw.
  9892 | D:10     | Reached ***** piety under Elyvilon
 10009 | D:10     | Found a portal to a secret trove of treasure.
 10151 | Lair:1   | Entered Level 1 of the Lair of Beasts
 10542 | Lair:1   | Reached skill level 10 in Fighting
 10542 | Lair:1   | Reached skill level 14 in Axes
 10677 | Lair:1   | Acquired a +1 executioner's axe of freezing
 10728 | Lair:1   | You fall into a shaft and drop 1 floor!
 10834 | Lair:2   | Found a staircase to the Shoals.
 11374 | Lair:1   | Reached skill level 10 in Dodging
 11685 | Lair:1   | Found a runed translucent gate.
 11686 | Lair:1   | Found a runed translucent gate.
 11687 | Lair:1   | Found a runed translucent gate.
 11693 | Lair:1   | Noticed olaf's ghost (journeyman GnWn)
 12649 | Lair:3   | Reached skill level 15 in Axes
 12670 | Lair:3   | Found a hide-covered altar of Uskayaw.
 12704 | Lair:3   | Reached XP level 12. HP: 89/108 MP: 17/17
 12904 | Lair:3   | Reached ****** piety under Elyvilon
 13098 | Lair:3   | Found a staircase to the Snake Pit.
 13180 | Lair:3   | Noticed a five-headed hydra
 13182 | Lair:3   | Pacified a five-headed hydra
 13208 | Lair:3   | Noticed a catoblepas
 13225 | Lair:3   | Killed a catoblepas
 14138 | Lair:4   | Found a runed translucent gate.
 14139 | Lair:4   | Found a runed translucent gate.
 14142 | Lair:4   | Noticed anonymous's ghost (journeyman DEEE)
 14145 | Lair:4   | Noticed a death yak
 14146 | Lair:4   | Noticed a death yak
 14147 | Lair:4   | Noticed a death yak
 14157 | Lair:4   | Noticed a death yak
 14164 | Lair:4   | Killed a death yak
 14165 | Lair:4   | Reached skill level 16 in Axes
 14171 | Lair:4   | Killed a death yak
 14193 | Lair:3   | Killed a death yak
 14247 | Lair:4   | Killed a death yak
 14318 | Lair:4   | Found a runed translucent gate.
 14555 | Lair:5   | Noticed a five-headed hydra
 14558 | Lair:5   | Pacified a five-headed hydra
 14585 | Lair:5   | Killed a four-headed hydra
 14719 | Lair:5   | Noticed Kirke
 14754 | Lair:5   | Killed Kirke
 14958 | Lair:5   | Found a shimmering blue altar of Sif Muna.
 14960 | Lair:5   | Noticed a five-headed hydra
 14961 | Lair:5   | Pacified a five-headed hydra
 14962 | Lair:5   | Reached XP level 13. HP: 118/118 MP: 16/19
 14976 | Lair:5   | Reached skill level 17 in Axes
 15128 | Lair:5   | Found a viscous altar of Jiyva.
 15128 | Lair:5   | Found a staircase to the Slime Pits.
 15208 | Lair:5   | Noticed Urug
 15219 | Lair:5   | Killed Urug
 15686 | Lair:5   | Upgraded the game from 0.28-a0-657-g71136c5590 to
                  | 0.28-a0-662-g1651b1f1e0
 15687 | Lair:6   | Entered Level 6 of the Lair of Beasts
 15695 | Lair:6   | Reached skill level 10 in Invocations
 15890 | Lair:6   | HP: 1/119 [drowned by a drowned soul[a merfolk avatar]
                  | (16)]
 15891 | Lair:6   | Elyvilon protects you from harm!
 15892 | Lair:6   | Drowned by a drowned soul

Illustrated notes

Levels and vault maps discovered:
D:1:      lemuel_arrival_room, layout_basic, minmay_fountain_box, minmay_vboxes
D:2:      layout_loops_ring, minmay_pentomino_r4
D:3:      layout_loops_ring, lemuel_tele_altar, general_overflow_altar,
          hellmonk_ecumenical_altar_dog_temple, minmay_misc_feat_four_crosses,
          st_stairs_9, chequers_serial_rivers_micro_d, uniq_ijyb
D:4:      layout_basic, mainiacjoe_overflow_tiny_flanked
D:5:      layout_basic, nicolae_hepliaklqana_hippocampus, lemuel_round_altar,
          dk_noncrumbling_3
D:6:      layout_rooms, trog_ov_bears_minmay, uniq_eustachio
D:7:      layout_gridville, minmay_temple_entry_ruins
D:8:      layout_loops_corners, nicolae_ru_great_annihilating_truth,
          serial_shops, nicolae_square_shop
D:9:      layout_loops_corners, kennysheep_little_box, serial_shops,
          nicolae_diamond_shop, uniq_gastronok
D:10:     layout_loops_ring, amcnicky_altar_gilded,
          grunt_temple_overflow_diamond, erik_lair_island, serial_shops, shop,
          serial_bayou, serial_bayou_shore_b, serial_bayou_lagoon_b,
          serial_bayou_shore_b, serial_bayou_pond_a, enter_trove_3,
          minmay_diamond_spiral, uniq_fannar
Lair:1:   layout_cave_pods, gammafunk_ghost_necromancy
Lair:2:   layout_cave_pods, minmay_shoals_entry_beasts, grunt_megastairs_5
Lair:3:   layout_cave_pods, guppyfry_snake_entry_island, basic_altar,
          grunt_megastairs_4
Lair:4:   layout_big_grid, gammafunk_ghost_split
Lair:5:   layout_cave_pods, slime_altar_1, basic_altar, uniq_kirke, uniq_urug
Lair:6:   gammafunk_lair_ancient_temple, layout_loops_ring,
          nicolae_volcano_entry_s_turn, chequers_serial_rivers_micro_d,
          kennysheep_abandoned_house, infiniplex_staircase_pool_2

Skill      XL: |  1  2  3  4  5  6  7  8  9 10 11 12 13 |
---------------+----------------------------------------+-----
Axes           | 4 5 6 7 8 9 11 13 15 16 17 | 17.5
Fighting       | 3 4 5 6 8 9 10 12 | 12.6
Dodging        | 4 5 6 8 9 10 11 | 11.9
Invocations    | 1 2 3 4 6 7 8 9 10 | 10.2
Throwing       | |  2.0

Action                   |  1- 3 |  4- 6 |  7- 9 | 10-12 | 13-15 || total
-------------------------+-------+-------+-------+-------+-------++-------
Melee: War axe           |    69 |    80 |   113 |       |       ||   262
       Headbutt          |     8 |    13 |    23 |    54 |    14 ||   112
       Battleaxe         |       |       |    12 |   127 |       ||   139
       Executioner's axe |       |       |       |   172 |    56 ||   228
       Broad axe         |       |       |       |    36 |       ||    36
 Fire: Hunting sling     |    10 |    47 |   139 |    74 |       ||   270
       Shortbow          |       |       |       |   118 |    45 ||   163
Throw: Stone             |     4 |     3 |       |       |       ||     7
       Dart              |       |     1 |     2 |    21 |     6 ||    30
Invok: Lesser Healing    |       |     1 |     2 |     6 |       ||     9
       Heal Other        |       |       |       |     6 |     5 ||    11
       Purification      |       |       |       |     1 |       ||     1
       Greater Healing   |       |       |       |       |     1 ||     1
Evoke: Wand              |       |       |     1 |       |       ||     1
  Use: Scroll            |       |     4 |     5 |    14 |     1 ||    24
 Stab: Petrified         |       |       |       |     1 |       ||     1
Armor: Leather armour    |    14 |     4 |    16 |       |       ||    34
       Ring mail         |       |    32 |    42 |   126 |    29 ||   229
Dodge: Dodged            |    43 |    43 |    99 |   171 |    39 ||   395
Block: Other             |       |       |    24 |    76 |    10 ||   110
       Reflection        |       |       |     1 |     1 |       ||     2

Table legend: (Time is in decaauts)
 A = Elapsed time spent in this place.
 B = Non-inter-level travel time spent in this place.
 C = Inter-level travel time spent in this place.
 D = Time resting spent in this place.
 E = Time spent auto-exploring this place.
 F = Levels seen in this place.
 G = Mean time per level.
                   A        B        C        D        E       F      G
               +--------+--------+--------+--------+--------+-----+--------+
         Total |  15993 |  15160 |    833 |    954 |  10904 |  16 |  999.6 |
       Dungeon |  10225 |   9537 |    688 |    627 |   7175 |  10 | 1022.5 |
          Lair |   5768 |   5624 |    144 |    327 |   3729 |   6 |  961.3 |
               +--------+--------+--------+--------+--------+-----+--------+

Top non-repeatable levels by time:
    D:10: 1367 daAuts
     D:5: 1299 daAuts
  Lair:5: 1242 daAuts
  Lair:2: 1226 daAuts
     D:3: 1225 daAuts
  Lair:1: 1170 daAuts
  Lair:3: 1164 daAuts
     D:4: 1038 daAuts
     D:9: 1024 daAuts
     D:1: 933 daAuts
     D:8: 929 daAuts
     D:6: 879 daAuts
     D:2: 799 daAuts
  Lair:4: 746 daAuts
     D:7: 727 daAuts
